 Dungeon Crawl Stone Soup version 0.22-a0-398-g8bb545f (webtiles) character file.

33770 Firecrotchwizard the Bludgeoner (level 13, -5/137 HPs)
             Began as a Troll Berserker on May 6, 2018.
             Was a High Priest of Trog.
             Slain by a freezing wraith (10 damage)
             ... in an ice cave.
             The game lasted 00:33:51 (15421 turns).

Firecrotchwizard the Bludgeoner (Troll Berserker)  Turns: 15421, Time: 00:33:51

Health: -5/137     AC: 17    Str: 32    XL:     13   Next: 38%
Magic:  12/12      EV:  9    Int:  6    God:    Trog [*****.]
Gold:   881        SH:  4    Dex:  9    Spells: 12/12 levels left

rFire    . . .     SeeInvis .   C - +1 giant spiked club
rCold    . . .     Gourm    +   (shield currently unavailable)
rNeg     . . .     Faith    .   m - quicksilver dragon scales
rPois    .         Spirit   .   K - +2 hat
rElec    .         Reflect  +   I - +2 cloak
rCorr    .         Harm     .   (gloves unavailable)
MR       +....                  (boots unavailable)
Stlth    ..........             R - +4 amulet of reflection
HPRegen  0.72/turn              (no ring)
MPRegen  0.13/turn              s - +3 ring of intelligence

@: slowed, very slow
A: large, unfitting armour, claws 3, fast metabolism 3, gourmand, regeneration
1, shaggy fur 1, tough skin 2
a: Berserk, Trog's Hand, Brothers in Arms, Renounce Religion


You were in an ice cave.
You worshipped Trog.
Trog was extremely pleased with you.
You were full.

You visited 2 branches of the dungeon, and saw 14 of its levels.
You also visited: Ice Cave.

You collected 881 gold pieces.

Inventory:

Hand Weapons
 b - a +0 long sword of freezing
   (You found it on level 1 of the Lair of Beasts)
 k - a +2 halberd of chopping
   (You took it off a naga on level 2 of the Lair of Beasts)
 n - a +0 flail
   (You took it off a gnoll on level 3 of the Dungeon)
 z - a +2 dagger of venom
   (You took it off Sonja on level 2 of the Lair of Beasts)
 C - a +1 giant spiked club (weapon)
   (You took it off an ogre on level 6 of the Dungeon)
 N - a +1 whip of electrocution
   (You took it off Pikel on level 9 of the Dungeon)
Missiles
 H - 6 curare-tipped needles
 J - a throwing net {=f, !d}
Armour
 m - quicksilver dragon scales (worn)
   (You found it on level 4 of the Dungeon)
 I - a +2 cloak (worn)
   (You found it on level 8 of the Dungeon)
 K - a +2 hat (worn)
   (You took it off Gastronok on level 2 of the Lair of Beasts)
Jewellery
 s - a +3 ring of intelligence (right claw)
   (You found it on level 4 of the Dungeon)
 t - an uncursed amulet of guardian spirit {Spirit}
   (You took it off a naga on level 2 of the Lair of Beasts)
 R - a +4 amulet of reflection (around neck)
   (You found it on level 1 of the Lair of Beasts)
Wands
 a - a wand of acid (8)
   (You found it on level 1 of the Lair of Beasts)
 h - a wand of random effects (19)
   (You found it on level 3 of the Dungeon)
 l - a wand of disintegration (12) {@e1}
   (You found it on level 2 of the Lair of Beasts)
 q - a wand of flame (50)
   (You took it off Ijyb on level 3 of the Dungeon)
 y - a wand of enslavement (9)
   (You found it on level 7 of the Dungeon)
 G - a wand of polymorph (17)
   (You found it on level 7 of the Dungeon)
 P - a wand of paralysis (8)
   (You took it off Psyche on level 9 of the Dungeon)
Scrolls
 e - 10 scrolls of remove curse
 i - a scroll of magic mapping {!r}
 w - a scroll of teleportation
 B - 6 scrolls of identify
 Q - 2 scrolls of blinking {!r}
Potions
 d - 2 potions of lignification {!q}
 f - 6 potions of heal wounds
 g - a potion of resistance {unknown}
 o - 2 potions of berserk rage {!q}
 p - a potion of invisibility {unknown}
 r - 2 potions of haste {unknown}
 u - a potion of mutation {unknown}
 v - 3 potions of might {unknown}
 x - 2 potions of degeneration {unknown}
 A - 2 potions of agility
 D - 2 potions of cancellation
 E - a potion of ambrosia {unknown}
 F - 3 potions of curing
Miscellaneous
 j - a sack of spiders
Comestibles
 c - 37 rations {@e1}


   Skills:
 + Level 11.5 Fighting
 * Level 16.5 Maces & Flails
 - Level 2.4 Dodging


You had 12 spell levels left.
You didn't know any spells.

Dungeon Overview and Level Annotations

Branches:
Dungeon (9/15)             Temple (0/1) D:6            Lair (5/6) D:9
 Shoals (0/4) Lair:3        Snake (0/4) Lair:2          Orc (0/2) D:9
  Slime: Lair:5-6

Altars:
Elyvilon
Gozag
Ru
Xom

Shops:
D:9 [

Annotations:
D:3 1 runed door


Innate Abilities, Weirdness & Mutations

You are too large for most types of armour.
You have claws for hands.
Your metabolism is lightning-fast.
You like to eat raw meat.
Your natural rate of healing is unusually fast.
You are covered in fur. (AC +1)
You have very tough skin. (AC +2)


Message History

You perforate the ice beast like a sieve!!!
You kill the ice beast!
Trog accepts your kill. You block the white imp's attack.
The white imp closely misses you.
You closely miss the white imp.
The white imp hits you but does no damage.
You block the white imp's attack.
You beat the white imp like a drum!!!
You kill the white imp!
Trog accepts your kill.
The white imp summons a swarm of flies.
The white imp gestures at you. The puff of frost hits you!
You take 2 damage, and have 113/137 hp.
You sock the white imp!
You kill the white imp!
Trog accepts your kill.
No target in view! 2 freezing wraiths come into view.
You start resting.
Health restored: 137 You puncture the freezing wraith!
You closely miss the freezing wraith. The freezing wraith hits you.
The freezing wraith freezes you! The freezing wraith hits you.
The freezing wraith drains your vigour!
You feel yourself slow down. The freezing wraith barely misses you.
The freezing wraith hits you but does no damage.
You take 17 damage, and have 120/137 hp.
You sock the freezing wraith!
The freezing wraith hits you but does no damage. x2
The freezing wraith closely misses you.
The freezing wraith hits you but does no damage.
The freezing wraith barely misses you.
The freezing wraith hits you but does no damage.
You closely miss the freezing wraith. The freezing wraith hits you.
The freezing wraith freezes you!!
The freezing wraith hits you but does no damage.
You block the freezing wraith's attack.
The freezing wraith hits you but does no damage.
You block the freezing wraith's attack. The freezing wraith hits you.
You take 34 damage, and have 87/137 hp.
MASSIVE DAMAGE!!
You hammer the freezing wraith like a gong!!!
You destroy the freezing wraith!
Trog accepts your kill. The freezing wraith hits you!
The freezing wraith freezes you!!
The freezing wraith hits you but does no damage.
You take 26 damage, and have 61/137 hp.
The freezing wraith closely misses you. The freezing wraith hits you.
The freezing wraith drains your vigour!
You feel as though you will be slow longer.
You take 2 damage, and have 59/137 hp.
You closely miss the freezing wraith.
You block the freezing wraith's attack. x2
The freezing wraith hits you but does no damage.
The freezing wraith closely misses you.
You closely miss the freezing wraith. You block the freezing wraith's attack.
The freezing wraith barely misses you.
You barely miss the freezing wraith. The freezing wraith hits you.
The freezing wraith freezes you! You block the freezing wraith's attack.
The freezing wraith hits you. The freezing wraith freezes you!
* * * LOW HITPOINT WARNING * * *
The freezing wraith hits you but does no damage.
You take 27 damage, and have 34/137 hp.
You sock the freezing wraith!
The freezing wraith hits you but does no damage.
The freezing wraith hits you!
* * * LOW HITPOINT WARNING * * *
The freezing wraith drains your vigour!
You feel as though you will be slow longer.
You take 9 damage, and have 25/137 hp.
You puncture the freezing wraith! The freezing wraith barely misses you.
The freezing wraith completely misses you.
You block the freezing wraith's attack.
The freezing wraith hits you but does no damage.
You closely miss the freezing wraith.
The freezing wraith hits you but does no damage.
The freezing wraith hits you.
* * * LOW HITPOINT WARNING * * *
You take 2 damage, and have 24/137 hp.
You puncture the freezing wraith! The freezing wraith hits you.
* * * LOW HITPOINT WARNING * * *
The freezing wraith freezes you!
* * * LOW HITPOINT WARNING * * *
The freezing wraith hits you but does no damage.
The freezing wraith barely misses you. The freezing wraith hits you.
* * * LOW HITPOINT WARNING * * *
You take 20 damage, and have 4/137 hp.
You barely miss the freezing wraith.
The freezing wraith hits you but does no damage. x2
You hit the freezing wraith but do no damage.
The freezing wraith closely misses you.
The freezing wraith hits you but does no damage.
The freezing wraith barely misses you. The freezing wraith hits you.
* * * LOW HITPOINT WARNING * * *
The freezing wraith drains your vigour!
You feel as though you will be slow longer.
You take 1 damage, and have 4/137 hp.
You closely miss the freezing wraith. The freezing wraith hits you!
You die...

###### ##....###
#.....W.#
##.W###...#
##@.###...#
##..###...# #...#
#...# ##### ##..#
#... ####...###
###...# #..
##........###....##
##
##...............##
#.............####
#............##


You could see a freezing wraith.

Vanquished Creatures
  Gastronok (Lair:2)
  5 hydras
  3 death yaks
  Nergalle (Lair:2)
  Pikel (D:9)
  A manticore (Lair:3)
  6 elephants
  5 black mambas
  Joseph (D:7)
  8 spiny frogs
  Psyche (D:9)
  3 rime drakes
  A freezing wraith (IceCv)
  7 komodo dragons
  The ghost of Deeps the Covered, a novice GrFi of Okawaru (D:5)
  A polar bear (Lair:2)
  8 blink frogs
  5 hippogriffs
  3 spriggans (Lair:1)
  13 yaks
  3 death yak simulacra (IceCv)
  A steam dragon (D:8)
  3 basilisks
  4 nagas (Lair:2)
  9 water moccasins
  7 porcupines
  5 orc warriors
  2 sky beasts
  2 slaves (D:9)
  15 ice beasts
  3 eyes of draining (D:9)
  A black bear (Lair:2)
  A necrophage (D:8)
  A hornet zombie (D:4)
  3 centaurs
  2 phantoms
  7 ogres
  8 wolves
  6 crocodiles
  10 bullfrogs
  A gnoll sergeant (D:9)
  3 scorpions
  2 jellies
  3 killer bees (D:6)
  2 howler monkeys (D:8)
  An electric eel (D:7)
  4 crimson imps
  A centaur zombie (D:7)
  A bullfrog zombie (D:7)
  12 orc priests
  7 hounds
  8 orc wizards
  4 iguanas
  Ijyb (D:3)
  10 worker ants
  A wolf simulacrum (IceCv)
  A hound zombie (D:9)
  7 gnolls
  11 adders
  A howler monkey skeleton (D:5)
  3 shadow imps
  5 white imps (IceCv)
  An ooze (D:5)
  An adder skeleton (D:7)
  An adder zombie (D:7)
  4 worms
  4 dart slugs
  2 leopard geckos
  27 orcs
  A ball python (D:1)
  4 giant cockroaches
  15 goblins
  12 hobgoblins
  19 jackals
  10 kobolds
  2 quokkas
  7 bats
  2 frilled lizards
  A jackal skeleton (D:4)
  10 rats
  A plant (Lair:1)
381 creatures vanquished.

Vanquished Creatures (collateral kills)
  Sonja (Lair:2)
  3 elephants (Lair:5)
  A porcupine (Lair:5)
5 creatures vanquished.

Vanquished Creatures (others)
  A slave (D:9)
  A hound skeleton (D:7)
  3 fungi
  8 plants
13 creatures vanquished.

Grand Total: 399 creatures vanquished

Notes
Turn   | Place    | Note
-------+----------+-------------------------------------------
     0 | D:1      | Firecrotchwizard the Troll Berserker began the quest for the Orb.
     0 | D:1      | Reached XP level 1. HP: 22/22 MP: 0/0
   134 | D:1      | Reached skill level 3 in Maces & Flails
   228 | D:1      | Reached XP level 2. HP: 27/29 MP: 1/1
   639 | D:1      | Reached XP level 3. HP: 36/36 MP: 2/2
   655 | D:1      | Reached ** piety under Trog
   921 | D:2      | Reached skill level 3 in Fighting
   921 | D:2      | Reached skill level 4 in Maces & Flails
   921 | D:2      | Reached XP level 4. HP: 36/45 MP: 3/3
  1623 | D:3      | Reached XP level 5. HP: 19/53 MP: 4/4
  1629 | D:3      | HP: 13/53 [poisoned by a scorpion]
  1634 | D:3      | HP: 12/53 [poisoned by a scorpion]
  1639 | D:3      | HP: 12/53 [poisoned by a scorpion]
  1644 | D:3      | HP: 13/53 [poisoned by a scorpion]
  1741 | D:3      | Found a runed door.
  1781 | D:3      | Reached *** piety under Trog
  1795 | D:3      | Reached skill level 5 in Maces & Flails
  2023 | D:3      | Reached XP level 6. HP: 50/62 MP: 5/5
  2327 | D:3      | Noticed Ijyb
  2355 | D:3      | Killed Ijyb
  2478 | D:3      | Found an opulent altar of Gozag.
  2478 | D:3      | Found a shimmering altar of Xom.
  2634 | D:4      | Found a sacrificial altar of Ru.
  2651 | D:4      | Reached skill level 4 in Fighting
  2651 | D:4      | Reached skill level 6 in Maces & Flails
  2792 | D:4      | Reached XP level 7. HP: 70/70 MP: 6/6
  2902 | D:4      | HP: 17/71 [hound (5)]
  3137 | D:4      | Found a white marble altar of Elyvilon.
  3446 | D:4      | Reached skill level 7 in Maces & Flails
  3753 | D:5      | Entered Level 5 of the Dungeon
  3779 | D:5      | Noticed Deeps's ghost (novice GrFi)
  3805 | D:5      | HP: 16/71 [Deeps's ghost (8)]
  3916 | D:5      | Killed Deeps's ghost
  3916 | D:5      | Reached skill level 5 in Fighting
  3916 | D:5      | Reached XP level 8. HP: 55/80 MP: 7/7
  3981 | D:5      | Reached skill level 8 in Maces & Flails
  5294 | D:6      | Reached skill level 9 in Maces & Flails
  5436 | D:6      | Found a staircase to the Ecumenical Temple.
  5438 | D:6      | Reached skill level 6 in Fighting
  5552 | D:6      | Reached **** piety under Trog
  5560 | D:6      | HP: 23/124 [orc warrior/scimitar (11)]
  5561 | D:6      | Reached XP level 9. HP: 25/89 MP: 8/8
  6054 | D:7      | Reached skill level 10 in Maces & Flails
  6114 | D:7      | Noticed Joseph
  6131 | D:7      | Killed Joseph
  6251 | D:7      | Reached skill level 7 in Fighting
  6742 | D:7      | Reached skill level 11 in Maces & Flails
  7171 | D:8      | Reached XP level 10. HP: 102/102 MP: 9/9
  7794 | D:8      | Reached ***** piety under Trog
  8044 | D:9      | Found Itasealag's Armour Emporium.
  8052 | D:9      | Noticed Pikel
  8194 | D:9      | Found a staircase to the Orcish Mines.
  8242 | D:9      | Reached skill level 8 in Fighting
  8326 | D:9      | Killed Pikel
  8326 | D:9      | Reached skill level 12 in Maces & Flails
  8393 | D:9      | Found a staircase to the Lair.
  8512 | D:9      | Noticed Psyche
  8515 | D:9      | Paralysed by Psyche for 7 turns
  8531 | D:9      | Killed Psyche
  9062 | Lair:1   | Entered Level 1 of the Lair of Beasts
  9065 | Lair:1   | Noticed a spiny frog
  9084 | Lair:1   | Killed a spiny frog
  9098 | Lair:1   | HP: 25/106 [spriggan/short sword (2)]
  9103 | Lair:1   | HP: 20/106 [poisoned by a spiny frog]
  9109 | Lair:1   | HP: 24/106 [poisoned by a spiny frog]
  9114 | Lair:1   | HP: 25/106 [hippogriff (2)]
  9117 | Lair:1   | Reached XP level 11. HP: 28/113 MP: 10/10
  9123 | Lair:1   | HP: 28/113 [wolf (4)]
  9334 | Lair:1   | Noticed a six-headed hydra
  9342 | Lair:1   | Killed a six-headed hydra
  9342 | Lair:1   | Reached skill level 13 in Maces & Flails
  9532 | Lair:1   | Reached skill level 9 in Fighting
 10250 | Lair:2   | Noticed Gastronok
 10359 | Lair:1   | HP: 26/115 [blink frog (10)]
 10364 | Lair:1   | HP: 18/115 [poisoned by a black mamba]
 10369 | Lair:1   | HP: 12/115 [poisoned by a black mamba]
 10374 | Lair:1   | HP: 10/115 [poisoned by a black mamba]
 10379 | Lair:1   | HP: 9/115 [poisoned by a black mamba]
 10385 | Lair:1   | HP: 8/115 [poisoned by a black mamba]
 10391 | Lair:1   | HP: 8/115 [poisoned by a black mamba]
 10396 | Lair:1   | HP: 14/115 [poisoned by a black mamba]
 10401 | Lair:1   | HP: 18/115 [poisoned by a black mamba]
 10406 | Lair:1   | HP: 24/115 [poisoned by a black mamba]
 10535 | Lair:2   | Noticed Nergalle
 10551 | Lair:2   | Killed Nergalle
 10932 | Lair:2   | Reached skill level 14 in Maces & Flails
 11033 | Lair:2   | Noticed Sonja
 11242 | Lair:2   | Found a staircase to the Snake Pit.
 11409 | Lair:2   | Killed Sonja
 11596 | Lair:2   | Killed Gastronok
 11596 | Lair:2   | Reached skill level 10 in Fighting
 11596 | Lair:2   | Reached XP level 12. HP: 76/126 MP: 11/11
 11720 | Lair:2   | Noticed a six-headed hydra
 11728 | Lair:2   | Killed a six-headed hydra
 11956 | Lair:3   | Noticed a death yak
 11957 | Lair:3   | Noticed a death yak
 11957 | Lair:3   | Noticed a death yak
 12249 | Lair:2   | Reached skill level 15 in Maces & Flails
 12389 | Lair:3   | Found a staircase to the Shoals.
 12824 | Lair:3   | Killed a death yak
 12897 | Lair:2   | Killed a death yak
 12996 | Lair:3   | Killed a death yak
 13296 | Lair:3   | Noticed a five-headed hydra
 13301 | Lair:3   | Killed a five-headed hydra
 13436 | Lair:3   | Reached skill level 11 in Fighting
 13956 | Lair:4   | Noticed an eight-headed hydra
 13966 | Lair:4   | Killed an eight-headed hydra
 14135 | Lair:4   | Reached XP level 13. HP: 136/137 MP: 12/12
 14225 | Lair:4   | Reached skill level 16 in Maces & Flails
 15217 | Lair:5   | Found a frozen archway.
 15291 | IceCv    | Entered an ice cave
 15300 | IceCv    | Received a gift from Trog
 15414 | IceCv    | HP: 34/137 [freezing wraith (16)]
 15418 | IceCv    | HP: 10/137 [freezing wraith (9)]
 15418 | IceCv    | HP: 4/137 [freezing wraith (6)]
 15421 | IceCv    | Slain by a freezing wraith

Vault maps used:
D:1:      dpeg_arrival_brainrot, serial_forest, infiniplex_forest_lined_corner,
          infiniplex_forest_pool, infiniplex_forest_fountain,
          infiniplex_forest_end_2, infiniplex_forest_fountain,
          infiniplex_forest_end_2, infiniplex_forest_straight_4,
          infiniplex_forest_clump_small, serial_bayou_pond_c
D:2:      grunt_ministairs_4
D:3:      amethyst_overflow_temple_binary, uniq_ijyb, uniq_crazy_yiuf_cottage
D:4:      nicolae_ru_sacrificial_ziggurat, elyvilon_altar_1, first_ration,
          minmay_vboxes
D:6:      minmay_temple_entry_nine_rooms
D:7:      wad_river_or_something, hangedman_decor_opposing, grunt_ogre_cave,
          uniq_joseph
D:8:      nicolae_overflow_hidden_temple
D:9:      david_lair_shrubbed, orc_david_3, uniq_pikel, uniq_psyche
Lair:1:   wad_woods_02, lemuel_fruit_fields, lemuel_fruit_tree
Lair:2:   minmay_snake_entry_guardpost_small, grunt_megastairs_4,
          lemuel_fruit_fields, uniq_sonja, uniq_nergalle, uniq_gastronok
Lair:3:   minmay_shoals_entry_beasts, grunt_megastairs_3, serial_bayou_shore_a
Lair:4:   infiniplex_staircase_pool_2, serial_bayou_shore_b
Lair:5:   slime_altar_1, portal_ice_cave_entry_ice_beasts
IceCv:    ice_cave_small_necro

Skill      XL: |  1  2  3  4  5  6  7  8  9 10 11 12 13 |
---------------+----------------------------------------+-----
Maces & Flails | 3 4 5 6 7 9 11 12 14 15 16 | 16.5
Fighting       | 3 4 5 6 7 8 10 11 | 11.5
Dodging        | |  2.4

Action                   |  1- 3 |  4- 6 |  7- 9 | 10-12 | 13-15 || total
-------------------------+-------+-------+-------+-------+-------++-------
Melee: Mace              |   109 |    65 |       |       |       ||   174
       Flail             |       |   169 |   397 |   145 |       ||   711
       Dagger            |       |     8 |    63 |       |       ||    71
       Whip              |       |       |       |   664 |       ||   664
       Giant spiked club |       |       |       |    47 |   155 ||   202
Invok: Trog's Hand       |       |     1 |     2 |     8 |       ||    11
       Berserk           |       |       |     4 |       |       ||     4
       Brothers in Arms  |       |       |       |     1 |     1 ||     2
Evoke: Wand              |       |       |       |    10 |     1 ||    11
  Use: Scroll            |       |     6 |     4 |    11 |     5 ||    26
       Potion            |       |       |       |     1 |       ||     1
 Stab: Sleeping          |       |       |     1 |       |       ||     1
  Eat: Chunk             |    12 |    21 |    45 |    61 |    15 ||   154
Armor: Animal skin       |    69 |    83 |    12 |       |       ||   164
       Quicksilver drago |       |       |   197 |   333 |   127 ||   657
Dodge: Dodged            |    99 |   125 |   192 |   275 |    75 ||   766
Block: Other             |       |       |       |    51 |    40 ||    91
       Reflection        |       |       |       |     1 |       ||     1

Table legend:
 A = Spawn XP
 B = Non-spawn XP
 C = Spawn XP percentage of total XP
 D = Spawn monster count
 E = Non-spawn monster count
 F = Spawn count percentage of total count
 G = Total turns spent on level
                    A         B        C        D         E        F      G
               +---------+---------+-------+---------+---------+-------+---------
         Total |       0 |   48244 |   0.0 |       0 |     383 |   0.0 | 15421
               +---------+---------+-------+---------+---------+-------+---------
           D:1 |       0 |      42 |   0.0 |       0 |      21 |   0.0 |   782
           D:2 |       0 |      97 |   0.0 |       0 |      27 |   0.0 |   704
           D:3 |       0 |     363 |   0.0 |       0 |      47 |   0.0 |  1131
           D:4 |       0 |     762 |   0.0 |       0 |      21 |   0.0 |  1220
           D:5 |       0 |     553 |   0.0 |       0 |      15 |   0.0 |  1057
           D:6 |       0 |    1372 |   0.0 |       0 |      27 |   0.0 |   976
           D:7 |       0 |    2257 |   0.0 |       0 |      31 |   0.0 |  1214
           D:8 |       0 |    1258 |   0.0 |       0 |      24 |   0.0 |   795
           D:9 |       0 |    3055 |   0.0 |       0 |      32 |   0.0 |  1183
        Lair:1 |       0 |    6032 |   0.0 |       0 |      24 |   0.0 |  1420
        Lair:2 |       0 |   10654 |   0.0 |       0 |      30 |   0.0 |  2151
        Lair:3 |       0 |    9675 |   0.0 |       0 |      30 |   0.0 |  1245
        Lair:4 |       0 |    6121 |   0.0 |       0 |      20 |   0.0 |  1115
        Lair:5 |       0 |    4363 |   0.0 |       0 |      19 |   0.0 |   298
         IceCv |       0 |    1640 |   0.0 |       0 |      15 |   0.0 |   130
               +---------+---------+-------+---------+---------+-------+---------

Vault maps used:
D:1:      dpeg_arrival_brainrot, serial_forest, infiniplex_forest_lined_corner,
          infiniplex_forest_pool, infiniplex_forest_fountain,
          infiniplex_forest_end_2, infiniplex_forest_fountain,
          infiniplex_forest_end_2, infiniplex_forest_straight_4,
          infiniplex_forest_clump_small, serial_bayou_pond_c
D:2:      grunt_ministairs_4
D:3:      amethyst_overflow_temple_binary, uniq_ijyb, uniq_crazy_yiuf_cottage
D:4:      nicolae_ru_sacrificial_ziggurat, elyvilon_altar_1, first_ration,
          minmay_vboxes
D:6:      minmay_temple_entry_nine_rooms
D:7:      wad_river_or_something, hangedman_decor_opposing, grunt_ogre_cave,
          uniq_joseph
D:8:      nicolae_overflow_hidden_temple
D:9:      david_lair_shrubbed, orc_david_3, uniq_pikel, uniq_psyche
Lair:1:   wad_woods_02, lemuel_fruit_fields, lemuel_fruit_tree
Lair:2:   minmay_snake_entry_guardpost_small, grunt_megastairs_4,
          lemuel_fruit_fields, uniq_sonja, uniq_nergalle, uniq_gastronok
Lair:3:   minmay_shoals_entry_beasts, grunt_megastairs_3, serial_bayou_shore_a
Lair:4:   infiniplex_staircase_pool_2, serial_bayou_shore_b
Lair:5:   slime_altar_1, portal_ice_cave_entry_ice_beasts
IceCv:    ice_cave_small_necro

Table legend:
 A = Turns spent in this place as a percentage of turns spent in the entire game.
 B = Non-inter-level travel turns spent in this place as a percentage of non-inter-level travel turns spent in the entire game.
 C = Inter-level travel turns spent in this place as a percentage of turns spent in this place.
 D = Turns resting spent in this place as a percentage of non-inter-level travel turns spent in this place.
 E = Turns spent auto-exploring this place as a percentage of non-inter-level travel turns spent in this place.
 F = Non-inter-level travel turns spent in this place divided by the number of levels of this place that you've seen.
                   A       B       C       D       E      F
               +-------+-------+-------+-------+-------+----------------------
         Total | 100.0 | 100.0 |   3.5 |  22.6 |  54.0 | 992.1
       Dungeon |  58.8 |  59.0 |   3.1 |  15.0 |  63.4 | 975.3
          Lair |  40.4 |  40.1 |   4.1 |  33.8 |  41.3 | 1194.8
      Ice Cave |   0.8 |   0.9 |   0.0 |  24.6 |   6.2 | 130.0
               +-------+-------+-------+-------+-------+----------------------

Table legend:
 A = Kills in this place as a percentage of kills in entire the game.
 B = Kills by you in this place as a percentage of kills by you in the entire game.
 C = Kills by friends in this place as a percentage of kills by friends in the entire game.
 D = Other kills in this place as a percentage of other kills in the entire game.
 E = Experience gained in this place as a percentage of experience gained in the entire game.
 F = Experience gained in this place divided by the number of levels of this place that you have seen.
                   A       B       C       D       E      F
               +-------+-------+-------+-------+-------+----------------------
         Total | 100.0 | 100.0 | 100.0 |   N/A | 100.0 | 3216.3
       Dungeon |  64.0 |  64.8 |   0.0 |   N/A |  20.2 | 1084.3
          Lair |  32.1 |  31.2 | 100.0 |   N/A |  76.4 | 7369.0
      Ice Cave |   3.9 |   4.0 |   0.0 |   N/A |   3.4 | 1640.0
               +-------+-------+-------+-------+-------+----------------------
